 Dungeon Crawl Stone Soup version 0.25.1-2-g60ff931df9 (webtiles) character file.

Game seed: 7405560675221440563

90 DearestLeader the Unweaver (level 4, -4/36 HPs)
             Began as a Demonspawn Abyssal Knight on Sept 25, 2020.
             Was a Follower of Lugonu.
             Slain by Sigmund
             ... wielding a +0 scythe
              (11 damage)
             ... on level 3 of the Dungeon.
             The game lasted 00:04:33 (2504 turns).

DearestLeader the Unweaver (DsAK)                   Turns: 2504, Time: 00:04:33

Health: -4/36      AC:  7    Str: 13    XL:     4   Next: 32%
Magic:  6/6        EV: 10    Int: 13    God:    Lugonu [*.....]
Gold:   138        SH:  0    Dex: 13    Spells: 3/3 levels left

rFire    . . .     SeeInvis .   a - +1 hand axe
rCold    . . .     Gourm    .   (no shield)
rNeg     . . .     Faith    .   f - +0 ring mail
rPois    .         Spirit   .   j - +0 helmet
rElec    .         Reflect  .   (no cloak)
rCorr    .         Harm     .   (no gloves)
MR       .....                  (no boots)
Stlth    ..........             (no amulet)
HPRegen  0.12/turn              (no ring)
MPRegen  0.10/turn              (no ring)

@: no status effects
A: hooves 1, rugged brown scales 1, powered by pain 1
a: Depart the Abyss, Renounce Religion


You were on level 3 of the Dungeon.
You worshipped Lugonu.
Lugonu was aware of your devotion.
You were not hungry.

You visited 1 branch of the dungeon, and saw 3 of its levels.
You visited the Abyss 1 time.

You collected 138 gold pieces.

Inventory:

Hand Weapons
 a - a +1 hand axe (weapon)
 g - a +0 antimagic whip
Armour
 d - a +0 buckler
 f - a +0 ring mail (worn)
 j - a +0 helmet (worn)
Scrolls
 h - 2 scrolls of identify {unknown}
 i - a scroll of fear {unknown}
 l - a scroll of magic mapping {unknown}
Potions
 b - 2 potions of lignification {unknown}
 e - a potion of might {unknown}
 k - a potion of haste {unknown}
 m - a potion of magic {unknown}
Comestibles
 c - 3 rations


   Skills:
 - Level 3.0 Fighting
 * Level 3.6 Axes
 - Level 1.7 Armour
 - Level 0.8 Dodging
 + Level 3.9 Invocations


You had 3 spell levels left.
You didn't know any spells.
Your spell library was empty.

Dungeon Overview and Level Annotations

Branches:
Dungeon (3/15)

Altars:
Xom

Annotations:
D:3 Sigmund


Innate Abilities, Weirdness & Mutations

You have large cloven feet.
You are partially covered in rugged brown scales. (AC +1, +3% HP)
You sometimes gain a little power by taking damage.


Message History

Sigmund is almost dead.
Sigmund barely misses you.
Unknown command.
You closely miss Sigmund.
Sigmund is almost dead.
Sigmund hits you with a +0 scythe.
* * * LOW HITPOINT WARNING * * *
You closely miss Sigmund.
Sigmund is almost dead.
Sigmund barely misses you.
You bump into the rock wall.
You feel less confused. Sigmund hits you with a +0 scythe.
* * * LOW HITPOINT WARNING * * *
You closely miss Sigmund. You kick Sigmund, but do no damage.
Sigmund is almost dead.
You closely miss Sigmund.
Sigmund is almost dead.
Sigmund hits you with a +0 scythe!
You die...

#.# #.##.# #.#
#....# #.# #....
#.# #... #.# #..#
#.# #..#####..
#.######.........
#.##.)..@.#####.#
#....####@......#
###..# #.#######
#..# ... #..#
#.#.. #..# #. .##
#..# ## ## #.(#
#..#


You could see Sigmund.

Vanquished Creatures
  4 adders (D:2)
  A worm (D:2)
  A dart slug (D:1)
  A leopard gecko (D:2)
  An orc (D:3)
  9 bats
  3 giant cockroaches (D:1)
  5 goblins
  8 hobgoblins (D:1)
  2 frilled lizards
  7 kobolds
  3 rats
45 creatures vanquished.

Notes
Turn   | Place    | Note
-------+----------+-------------------------------------------
     0 | Abyss:1  | DearestLeader the Demonspawn Abyssal Knight began the quest
                  | for the Orb.
     0 | Abyss:1  | Reached XP level 1. HP: 18/18 MP: 2/2
     8 | Abyss:1  | Noticed a chaos spawn
     9 | D:1      | Escaped the Abyss
   211 | D:1      | Gained mutation: You have large cloven feet. [demonic
                  | ancestry]
   211 | D:1      | Reached XP level 2. HP: 24/24 MP: 4/4
   629 | D:1      | Reached * piety under Lugonu
   966 | D:1      | Gained mutation: You are partially covered in rugged brown
                  | scales. (AC +1, +3% HP) [demonic ancestry]
   966 | D:1      | Reached XP level 3. HP: 21/29 MP: 5/5
  1741 | D:2      | Gained mutation: You sometimes gain a little power by
                  | taking damage. [demonic ancestry]
  1741 | D:2      | Reached XP level 4. HP: 34/36 MP: 6/6
  2039 | D:2      | Found a shimmering altar of Xom.
  2392 | D:3      | Found a faded altar of an unknown god.
  2476 | D:3      | Noticed Sigmund
  2504 | D:3      | Slain by Sigmund

Illustrated notes

Levels and vault maps discovered:
D:1:      erik_arrival_triangle_small, layout_basic, serial_corexii_hall,
          chequers_hall_statues_wall_a, corexii_hall_statues_l,
          skrybe_limestone_x, minmay_misc_feat_plants
D:2:      layout_basic, nicolae_overflow_hidden_temple
D:3:      layout_loops_ring, chequers_ecumenical_altar_island,
          uniq_crazy_yiuf_cottage, uniq_sigmund

Skill      XL: |  1  2  3 |
---------------+----------+-----
Axes           | 2 3 |  3.6
Invocations    | 3 |  3.9
Fighting       | |  3.0
Armour         | |  1.7
Dodging        | |  0.8

Action                   |  1- 3 |  4- 6 || total
-------------------------+-------+-------++-------
Melee: Hand axe          |    92 |    42 ||   134
       Kick              |    12 |    13 ||    25
Invok: Depart the Abyss  |     1 |       ||     1
  Eat: Ration            |     1 |       ||     1
       Chunk             |       |     2 ||     2
Armor: Leather armour    |    22 |       ||    22
       Ring mail         |    20 |    18 ||    38
Dodge: Dodged            |    68 |    24 ||    92
